 Dungeon Crawl Stone Soup version 0.31-a0-233-g139696dc86 (webtiles) character file.

Game seed: 10807551737029353625

7 olmar the Grasshopper (level 2, -3/25 HPs)
             Began as a Ghoul Warper on July 10, 2023.
             Killed from afar by a dart slug (5 damage)
             ... with a slug dart
             ... on level 1 of the Dungeon.
             The game lasted 00:00:18 (128 turns).

olmar the Grasshopper (Ghoul Warper)                 Turns: 128, Time: 00:00:18

Health: -3/25      AC:  3    Str: 14    XL:     2   Next: 0%
Magic:  3/3        EV: 11    Int:  8    God:
Gold:   12         SH:  0    Dex:  8    Spells: 4/4 levels left

rFire   . .          .
                       - Unarmed
rCold   + . .        (no shield)
rNeg    + + +        a - +0 leather armour
rPois   ∞            (no helmet)
rElec   .            (no cloak)
rCorr   .            (no gloves)
SInv    .            (no boots)
Will    .....        (no amulet)
Stlth   +            (no ring)
HPRegen 0.00/turn    (no ring)
MPRegen 0.08/turn

%: no passive effects
@: inhibited regen
A: claws 1, cold resistance 1, negative energy resistance 3, inhibited
regeneration, torment resistance 2, devour on kill
a: no special abilities


You were on level 1 of the Dungeon.
You visited 1 branch of the dungeon, and saw 1 of its levels.

You collected 12 gold pieces.

Inventory:

Missiles
 c - 7 boomerangs of dispersal (quivered)
Armour
 a - a +0 leather armour (worn)
Scrolls
 b - a scroll of blinking


   Skills:
 + Level 2.3 Fighting
 - Level 0.8 Throwing
 + Level 0.9 Armour
 + Level 1.8 Dodging
 + Level 2.2 Unarmed Combat
 + Level 1.9 Spellcasting
 + Level 2.8 Translocations


You had 4 spell levels left.
You didn't know any spells.
Your spell library contained the following spells:

 Spells                   Type           Power      Damage    Failure   Level
 Blink                    Tloc           10%        N/A       22%         2
 Lesser Beckoning         Tloc           10%        N/A       22%         2
 Teleport Other           Tloc           5%         N/A       38%         3
 Vhi's Electric Charge    Tloc/Air       6%         N/A       58%         3
 Manifold Assault         Tloc           5%         N/A       80%         4


Dungeon Overview and Level Annotations

Branches:
Dungeon (1/15)

Altars:


Innate Abilities, Weirdness & Mutations

You are immune to poison.
You have sharp fingernails.
Your flesh is cold resistant. (rC+)
You are immune to negative energy. (rN+++)
You do not regenerate when monsters are visible.
You are immune to unholy pain and torment.
You thrive by killing the living.


Message History

The kobold is severely wounded.
There are monsters nearby!
Unknown command.
You scratch the kobold.
You kill the kobold!
The kobold barely misses you. The dart slug launches a dart at you.
The slug dart misses you.
You have reached level 2!
The kobold hits you but does no damage.
Things that are here:
a +0 dagger; a kobold corpse Unknown command.
You barely miss the kobold.
The kobold hits you with a +0 short sword.
You closely miss the kobold. The kobold barely misses you.
Unknown command.
You scratch the kobold.
The kobold is moderately wounded.
The kobold hits you with a +0 short sword.
* * * LOW HITPOINT WARNING * * *
The dart slug launches a dart at you. The slug dart hits you.
* * * LOW HITPOINT WARNING * * *
You don't know any spells.
Sorry, you're not good enough to have a special ability.
Unknown command.
You aren't carrying any items that you can evoke.
You aren't carrying any potions.
You closely miss the kobold.
The kobold is moderately wounded.
The kobold hits you with a +0 short sword.
* * * LOW HITPOINT WARNING * * *
Unknown command.
You closely miss the kobold.
The kobold is moderately wounded.
The kobold barely misses you. The dart slug launches a dart at you.
The slug dart hits you.
You die...

.. ..........## #....#
##..............###....#
.......................#
.................#######
.................#
#................#
#................#
.......K.........#
#......@........##
#.#..w..##.....##
.....######.#..## ....
#.##..# ... #..##.# ..
##.##.# . ######.##.#
.#.........#
...........#####


You could see a dart slug and a kobold.

Vanquished Creatures
  A dart slug (D:1)
  A bat (D:1)
  2 kobolds (D:1)
4 creatures vanquished.

Notes
Turn   | Place    | Note
-------+----------+-------------------------------------------
     0 | D:1      | olmar the Ghoul Warper began the quest for the Orb.
     0 | D:1      | Reached XP level 1. HP: 17/17 MP: 2/2
   123 | D:1      | Reached XP level 2. HP: 14/25 MP: 3/3
   128 | D:1      | Killed from afar by a dart slug

Illustrated notes

Levels and vault maps discovered:
D:1:      spicycebolla_green_bress_n_ham, layout_rooms, serial_glass,
          glass_columns_c, glass_columns_b

Action                     || total
---------------------------++-------
  Melee: Unarmed           ||    24
         Punch             ||     1
 Armour: Leather armour    ||     8
  Dodge: Dodged            ||    17

Table legend: (Time is in decaauts)
 A = Elapsed time spent in this place.
 B = Non-inter-level travel time spent in this place.
 C = Inter-level travel time spent in this place.
 D = Time resting spent in this place.
 E = Time spent auto-exploring this place.
 F = Levels seen in this place.
 G = Mean time per level.
                   A        B        C        D        E       F      G
               +--------+--------+--------+--------+--------+-----+--------+
         Total |    126 |    126 |      0 |      0 |     83 |   1 |  126.0 |
       Dungeon |    126 |    126 |      0 |      0 |     83 |   1 |  126.0 |
               +--------+--------+--------+--------+--------+-----+--------+

Top non-repeatable levels by time:
     D:1: 126 daAuts
